cohdb
Replays
Latest Replays
All Replays
Popular Replays
Top Player Replays
Match Explorer
How It Works
Community
CoH3 Stats
Reddit
Sign in to upload your games and track your stats! →
Sign in with Steam
Match 47191018
Unlisted
Match 47191018
Overview
Messages
Build Orders
End
Kettenkrad Recon Vehicle
Construct Infanterie Kompanie
Grenadier Squad
MG 42 Machine Gun Team
Grenadier Squad
Construct Luftwaffe Kompanie
Flak 30 Anti-aircraft Gun Team
221 Scout Car
Selects Breakthrough Battlegroup
Selects Rapid Production
Pioneer Squad
Jäger Squad
221 Scout Car
AI Takeover
fary2
DrewP
0
0
Comments
sign in to comment!
No comments posted yet!